 Dungeon Crawl Stone Soup version 0.30.1-9-gdf580d7c3d (webtiles) character file.

Game seed: 1474157418717882479

564 jagang the Slasher (level 7, -6/54 HPs)
             Began as a Human Fighter on Sept 28, 2023.
             Was an Initiate of Okawaru.
             Killed by divine providence
             ... invoked by an orc priest
              (15 damage)
             ... on level 5 of the Dungeon.
             The game lasted 00:07:57 (3937 turns).

jagang the Slasher (Human Fighter)                  Turns: 3937, Time: 00:07:58

Health: -6/54      AC: 13    Str: 19    XL:     7   Next: 58%
Magic:  7/7        EV:  6    Int:  8    God:    Okawaru [......]
Gold:   41         SH:  5    Dex: 12    Spells: 6/6 levels left

rFire   . . .        a - +0 long sword
rCold   . . .        c - +0 buckler
rNeg    . . .        t - +0 plate armour
rPois   .            n - +0 helmet
rElec   .            (no cloak)
rCorr   .            (no gloves)
SInv    .            (no boots)
Will    .....        (no amulet) Stlth
                     (no ring)
HPRegen 0.29/turn    (no ring)
MPRegen 0.10/turn

%: no passive effects
@: mighty
A: no striking features
a: Renounce Religion


You were on level 5 of the Dungeon.
You worshipped Okawaru.
Okawaru was noncommittal.
You visited 2 branches of the dungeon, and saw 6 of its levels.

You collected 41 gold pieces.

Inventory:

Hand Weapons
 a - a +0 long sword (weapon)
Missiles
 v - 6 poisoned darts (quivered)
Armour
 c - a +0 buckler (worn)
 n - a +0 helmet (worn)
 t - a +0 plate armour (worn)
 u - a +0 tower shield
Wands
 h - a wand of light (2)
Scrolls
 b - a scroll of poison {unknown}
 e - a scroll of summoning {unknown}
 f - a scroll of enchant armour {unknown}
 g - a scroll of enchant weapon {unknown}
 i - 2 scrolls of vulnerability
 j - 2 scrolls of acquirement {unknown}
 k - 3 scrolls of teleportation
 m - a scroll of noise {unknown}
 q - a scroll of identify
 r - a scroll of blinking {unknown}
 s - a scroll of brand weapon {unknown}
Potions
 d - 2 potions of might
 l - a potion of resistance {unknown}
 o - 2 potions of attraction {unknown}
 p - 2 potions of flight {unknown}


   Skills:
 + Level 4.2 Fighting
 * Level 4.7 Long Blades
 + Level 4.2 Armour
 + Level 2.1 Dodging
 * Level 4.7 Shields


You had 6 spell levels left.
You didn't know any spells.
Your spell library contained the following spells:

 Spells                   Type           Power      Damage    Failure   Level
 Scorch                   Fire           0%         2d5       100%        2
 Flame Wave               Conj/Fire      0%         2d4       100%        4
 Summon Cactus Giant      Summ           Unusable   N/A       N/A         6

Dungeon Overview and Level Annotations

Branches:
Dungeon (5/15)             Temple (1/1) D:5

Altars:
Ashenzari
Cheibriados
Dithmenos
Elyvilon
Gozag
Hepliaklqana
Kikubaaqudgha
Makhleb
Nemelex Xobeh
Okawaru
Qazlal
Ru
Sif Muna
Vehumet
Xom
Yredelemnul
The Shining One

Shops:
D:4 :


Message History

You feel very sick.
Your Dodging skill increases to level 2!
You slash the hound!
The hound is severely wounded.
You feel very sick. The hound bites you.
The hound bites you but does no damage.
You closely miss the hound.
The hound is severely wounded.
You feel sick. The hound bites you but does no damage.
You block the hound's attack.
You hit the hound.
You kill the hound!
Okawaru accepts your kill.
You feel sick.
An orc comes into view.
It is wielding a +0 club and wearing a +0 leather armour of poison resistance.
You barely miss the orc.
You feel sick. The orc hits you but does no damage.
You closely miss the orc.
You feel sick. You block the orc's attack.
You slash the orc!
You kill the orc!
Okawaru accepts your kill.
You feel sick.
The orc priest hits you but does no damage.
You closely miss the orc priest.
You feel sick.
You are no longer poisoned.
The orc priest hits you with a +0 flail.
You slash the orc priest!
The orc priest is severely wounded.
The orc priest calls down the wrath of Beogh upon you.
Beogh smites you!
* * * LOW HITPOINT WARNING * * *
You hit the orc priest.
The orc priest is almost dead.
The orc priest hits you with a +0 flail.
* * * LOW HITPOINT WARNING * * *
You slash the orc priest!
You kill the orc priest!
Okawaru accepts your kill.
The orc priest calls down the wrath of Beogh upon you.
Beogh smites you!
You die...

......)##.#..#
.#..##....#..#
.#.....#.....#
....##^#.#...#
.##......#.....
....>.##....##.###
.##......##.# ..#
....##.#....# #.#
.##....#.##.# #@# #
....#.......####o####.##o.
##..#.##.##.##..o.#...o...
............##.##.........
#......).......####....##.
################ .......
.#..#.. .#..# . .# ...


You could see an orc priest and an orc.

Vanquished Creatures
  2 black bears
  A scorpion (D:5)
  A howler monkey (D:4)
  2 hounds (D:5)
  2 orc priests
  An iguana (D:4)
  An orc wizard (D:4)
  Robin (D:2)
  3 adders
  3 worms
  3 dart slugs (D:1)
  6 orcs
  6 ball pythons
  5 endoplasms
  5 giant cockroaches
  15 goblins
  11 hobgoblins
  3 jackals (D:2)
  4 quokkas
  4 bats
  A frilled lizard (D:2)
  5 kobolds
  4 rats
89 creatures vanquished.

Notes
Turn   | Place    | Note
-------+----------+-------------------------------------------
     0 | D:1      | jagang the Human Fighter began the quest for the Orb.
     0 | D:1      | Reached XP level 1. HP: 18/18 MP: 1/1
    85 | D:1      | Reached XP level 2. HP: 24/24 MP: 2/2
   370 | D:1      | Reached XP level 3. HP: 24/29 MP: 3/3
   521 | D:1      | Found a faded altar of an unknown god.
  1148 | D:2      | Reached XP level 4. HP: 34/35 MP: 4/4
  1291 | D:2      | Noticed Robin
  1315 | D:2      | Killed Robin
  1678 | D:2      | Found a broken altar of Ashenzari.
  2001 | D:3      | Reached XP level 5. HP: 41/41 MP: 5/5
  2689 | D:4      | Noticed a black bear
  2832 | D:4      | Killed a black bear
  2833 | D:4      | Reached skill level 1 in Dodging
  2833 | D:4      | Reached XP level 6. HP: 27/48 MP: 6/6
  3010 | D:4      | Found a sacrificial altar of Ru.
  3044 | D:4      | Found Puhoxt's Vocational Training.
  3282 | D:4      | Identified the +0 ring mail "Ifafrosk" {rPois Will++}
  3633 | D:5      | Entered Level 5 of the Dungeon
  3633 | D:5      | Noticed a black bear
  3639 | D:5      | Killed a black bear
  3640 | D:5      | Reached XP level 7. HP: 40/54 MP: 7/7
  3739 | D:5      | Found a staircase to the Ecumenical Temple.
  3757 | Temple   | Entered the Ecumenical Temple
  3882 | Temple   | Became a worshipper of Warmaster Okawaru
  3937 | D:5      | Killed from afar by an orc priest

Illustrated notes

Levels and vault maps discovered:
D:1:      psy_arrival_radial02, layout_loops_corners,
          ebering_ecumenical_altar_sacrificial
D:2:      layout_basic, basic_altar, minmay_liquid_box, st_stairs_3,
          kennysheep_donut, uniq_robin
D:3:      layout_loops_corners, item_on_display_a
D:4:      layout_loops_ring, hangedman_ru_absence, nicolae_shop_vocational
D:5:      layout_basic, lemuel_crystal_altar, minmay_temple_entry_ruins,
          grunt_ministairs_15, kennysheep_generic_room_2
Temple:   kb_temple_of_zot

Skill      XL: |  1  2  3  4  5  6  7 |
---------------+----------------------+-----
Long Blades    | 3 4 |  4.7
Dodging        | 1 2 |  2.1
Shields        | 4 |  4.7
Fighting       | 4 |  4.2
Armour         | 4 |  4.2

Action                     |  1- 3 |  4- 6 |  7- 9 || total
---------------------------+-------+-------+-------++-------
  Melee: Long sword        |   111 |   182 |    28 ||   321
    Use: Scroll            |       |     3 |       ||     3
         Potion            |       |     1 |     1 ||     2
 Armour: Chain mail        |    79 |    89 |       ||   168
         Plate armour      |       |    37 |    14 ||    51
  Dodge: Dodged            |    44 |    46 |     9 ||    99
  Block: Buckler           |    16 |    41 |     6 ||    63
